 Dungeon Crawl Stone Soup version 0.30-a0-949-g53dc5368d7 (webtiles) character file.

Game seed: 10422769806493043272

1068 BigDaddyOpFi the Ducker (level 8, -1/44 HPs)
             Began as an Octopode Fighter on Mar 27, 2023.
             Was a Priest of Fedhas.
             Slain by an ogre
             ... wielding a +0 giant club
              (21 damage)
             ... on level 5 of the Dungeon.
             The game lasted 00:06:33 (4922 turns).

BigDaddyOpFi the Ducker (Octopode Fighter)          Turns: 4922, Time: 00:06:34

Health: -1/44      AC:  5    Str: 17    XL:     8   Next: 28%
Magic:  10/10      EV: 14    Int: 10    God:    Fedhas [***...]
Gold:   269        SH:  7    Dex: 12    Spells: 7/7 levels left

rFire   x . .      SeeInvis .    a - +0 war axe
rCold   + . .      Faith    +    b - +2 buckler
rNeg    . . .      Spirit   .    (helmet restricted)
rPois   +          Reflect  .    h - amulet of faith
rElec   .          Rampage  .    g - ring of flight
rCorr   .                        j - ring of wizardry
Will    .....                    m - +4 ring of protection
Stlth   ++                       i - ring of poison resistance
HPRegen 0.00/turn                p - ring of ice
MPRegen 0.12/turn                (no ring)
                                 (no ring)
                                 (no ring)

@: flying, inhibited regen
A: almost no armour, amphibious, 8 rings, camouflage 1, gelatinous body 1,
(nimble swimmer 1), tentacles, tentacle spike 1, frail 2, low MP 1, inhibited
regeneration, wild magic 1, MP-powered wands
a: Renounce Religion, Wall of Briars, Grow Ballistomycete


You were on level 5 of the Dungeon.
You worshipped Fedhas.
Fedhas was most pleased with you.
You visited 1 branch of the dungeon, and saw 5 of its levels.
You also visited: Sewer.

You collected 269 gold pieces.

Inventory:

Hand Weapons
 a - a +0 war axe (weapon)
Missiles
 l - a throwing net (quivered)
Armour
 b - a +2 buckler (worn)
Jewellery
 g - a ring of flight (left tentacle)
 h - an amulet of faith (around mantle)
 i - a ring of poison resistance (on tentacle)
 j - a ring of wizardry (right tentacle)
 m - a +4 ring of protection (on tentacle)
 p - a ring of ice (on tentacle)
Wands
 q - a wand of flame (23)
 v - a wand of charming (9)
Scrolls
 r - 3 scrolls of teleportation
 s - a scroll of enchant weapon {unknown}
Potions
 c - a potion of might
 d - a potion of brilliance
 e - a potion of degeneration
 f - 3 potions of invisibility
 k - 4 potions of haste
 n - a potion of flight
 o - a potion of magic {unknown}
 t - a potion of resistance {unknown}
 u - a potion of cancellation {unknown}


   Skills:
 + Level 5.0 Fighting
 + Level 4.5 Axes
 + Level 5.0 Dodging
 + Level 5.0 Shields
 * Level 4.8 Invocations


You had 7 spell levels left.
You didn't know any spells.
Your spell library contained the following spells:

 Spells                   Type           Power      Damage    Failure   Level
 Slow                     Hex            0%         N/A       24%         1
 Confusing Touch          Hex            0%         N/A       54%         3
 Portal Projectile        Hex/Tloc       0%         N/A       54%         3
 Tukima's Dance           Hex            0%         N/A       54%         3
 Vampiric Draining        Necr           0%         2d6       54%         3
 Blade Hands              Tmut           0%         N/A       99%         5


Dungeon Overview and Level Annotations

Branches:
Dungeon (5/15)              Sewer (visited)
 Temple: D:4-7

Altars:
Fedhas
Gozag
Kikubaaqudgha
Ru
Trog

Shops:
D:2 !

Annotations:
D:5 3 runed translucent doors, relicbr's ghost, weakling SpDe


Innate Abilities, Weirdness & Mutations

You cannot wear most types of armour.
You are amphibious.
You can wear up to eight rings at the same time.
Your skin changes colour to match your surroundings (Stealth+).
Your rubbery body absorbs attacks. (AC +1, EV +1)
((You are camouflaged when in or above water. (Stealth+)))
You have tentacles for arms and can constrict up to eight enemies at once.
One of your tentacles bears a spike.
You are very frail. (-20% HP)
Your magical capacity is low. (-10% MP)
You do not regenerate when monsters are visible.
Your spells are a little harder to cast, but a little more powerful.
You expend magic power (3 MP) to strengthen your wands.


Message History

No reachable target in view!
The kobold shouts!
You hear a shout!
The kobold brigand shouts!
The kobold shouts!
Found a dagger.
You hear a shout!
You now have 266 gold pieces (gained 14).
Relicbr's ghost turns its malevolent gaze towards you.
No reachable target in view!
There is a stone staircase leading up here.
An adder comes into view.
An adder is nearby!
An adder is nearby!
The adder hisses angrily.
You slash the adder!
You kill the adder!
Fedhas appreciates your contribution to the ecosystem.
No target in view!
You now have 269 gold pieces (gained 3).
Found an embroidered scarf.
No target in view!
An ogre comes into view. It is wielding a +0 giant club.
The ogre shouts!
An ogre is nearby!
No target in view!
The ogre hits you with a +0 giant club!!
Ouch! That really hurt!
You see here a scarf of repulsion.
You barely miss the ogre.
You pierce the ogre.
The ogre is lightly wounded.
The ogre closely misses you.
You completely miss the ogre.
The ogre is lightly wounded.
The ogre closely misses you.
You slash the ogre!
You pierce the ogre.
You squeeze the ogre.
The ogre is severely wounded.
You barely miss the ogre.
The ogre is severely wounded.
The ogre hits you with a +0 giant club!!
You die...
Fedhas appreciates your contribution to the ecosystem.

...#..#........#
...#..###......#
....<..........#
.....###########
#...## ### #.#.# #..
#...# #.# # ##.####
#.#####.##.#
#.##.######.##.@O....#
#.#............##.####
##....######.......#
..##### ######### #.#
#.# #.# #.## ...#


You could see an ogre.

Vanquished Creatures
  Eustachio (D:5)
  3 kobold brigands
  A phantom (D:4)
  A bullfrog (D:5)
  A scorpion (D:5)
  A howler monkey (D:5)
  2 hounds
  4 iguanas
  11 adders
  7 river rats
  A shadow imp (D:5)
  6 dart slugs
  2 worms
  4 orcs
  10 ball pythons
  14 endoplasms
  9 giant cockroaches
  7 goblins
  9 hobgoblins
  2 jackals (D:1)
  6 quokkas
  8 bats
  9 frilled lizards
  21 kobolds
  32 rats
172 creatures vanquished.

Vanquished Creatures (others)
  4 plants (D:1)
4 creatures vanquished.

Grand Total: 176 creatures vanquished

Notes
Turn   | Place    | Note
-------+----------+-------------------------------------------
     0 | D:1      | BigDaddyOpFi the Octopode Fighter began the quest for the
                  | Orb.
     0 | D:1      | Reached XP level 1. HP: 16/16 MP: 1/1
    84 | D:1      | Reached XP level 2. HP: 21/21 MP: 2/2
   416 | D:1      | Reached XP level 3. HP: 26/26 MP: 3/3
  1036 | D:1      | Gained mutation: You have hidden genetic defects. [potion
                  | of mutation]
  1036 | D:1      | Gained mutation: You have terrible hidden genetic defects.
                  | [potion of mutation]
  1036 | D:1      | Gained mutation: One of your tentacles bears a spike.
                  | [potion of mutation]
  1103 | D:2      | Gained mutation: Your magical capacity is low. (-10% MP)
                  | [hidden defects]
  1166 | D:2      | Gained mutation: You occasionally lose the ability to drink
                  | potions when taking damage. [hidden defects]
  1166 | D:2      | Lost mutation: You have terrible hidden genetic defects.
                  | [hidden defects expressed]
  1216 | D:2      | Reached XP level 4. HP: 23/31 MP: 3/3
  1219 | D:2      | Gained mutation: You have terrible hidden genetic defects.
                  | [hidden defects]
  1342 | D:2      | Gained mutation: You are frail. (-10% HP) [hidden defects]
  1342 | D:2      | Lost mutation: You have terrible hidden genetic defects.
                  | [hidden defects expressed]
  1410 | D:2      | Found Keywk's Distillery.
  1512 | D:2      | Gained mutation: Your body sometimes deteriorates upon
                  | taking damage. [hidden defects]
  1664 | D:2      | Gained mutation: You are very frail. (-20% HP) [hidden
                  | defects]
  1664 | D:2      | Lost mutation: You have hidden genetic defects. [hidden
                  | defects expressed]
  1689 | D:2      | Reached XP level 5. HP: 29/29 MP: 4/4
  1957 | D:3      | Found a bloodstained altar of Trog.
  1965 | D:3      | Found a blossoming altar of Fedhas.
  2165 | D:3      | Found an opulent altar of Gozag.
  2383 | D:3      | Found a sacrificial altar of Ru.
  2579 | D:3      | Became a worshipper of Fedhas Madash
  2721 | D:4      | Reached skill level 1 in Invocations
  2726 | D:4      | Reached XP level 6. HP: 34/34 MP: 4/6
  2812 | D:4      | Found an ancient bone altar of Kikubaaqudgha.
  3054 | D:4      | Reached * piety under Fedhas
  3347 | D:5      | Entered Level 5 of the Dungeon
  3354 | D:5      | Reached XP level 7. HP: 39/39 MP: 8/8
  3429 | D:5      | Found a glowing drain.
  3433 | Sewer    | Entered a sewer
  3482 | Sewer    | Lost mutation: Your magical capacity is low. (-10% MP)
                  | [potion of mutation]
  3482 | Sewer    | Lost mutation: Your body sometimes deteriorates upon taking
                  | damage. [potion of mutation]
  3482 | Sewer    | Lost mutation: You occasionally lose the ability to drink
                  | potions when taking damage. [potion of mutation]
  3482 | Sewer    | Gained mutation: You expend magic power (3 MP) to
                  | strengthen your wands. [potion of mutation]
  3482 | Sewer    | Gained mutation: Your flesh is cold resistant. (rC+)
                  | [potion of mutation]
  3482 | Sewer    | Gained mutation: You do not regenerate when monsters are
                  | visible. [potion of mutation]
  3482 | Sewer    | Gained mutation: You have hidden genetic potential. [potion
                  | of mutation]
  3571 | Sewer    | Reached ** piety under Fedhas
  3929 | Sewer    | Reached *** piety under Fedhas
  4283 | Sewer    | Lost mutation: You have hidden genetic potential. [potion
                  | of mutation]
  4283 | Sewer    | Lost mutation: Your flesh is cold resistant. (rC+) [potion
                  | of mutation]
  4283 | Sewer    | Gained mutation: Your magical capacity is low. (-10% MP)
                  | [potion of mutation]
  4283 | Sewer    | Gained mutation: Your spells are a little harder to cast,
                  | but a little more powerful. [potion of mutation]
  4565 | D:5      | Noticed Eustachio
  4571 | D:5      | Reached XP level 8. HP: 34/43 MP: 10/10
  4599 | D:5      | Killed Eustachio
  4600 | D:5      | Reached skill level 5 in Fighting
  4600 | D:5      | Reached skill level 5 in Dodging
  4600 | D:5      | Reached skill level 5 in Shields
  4808 | D:5      | Found a runed translucent gate.
  4810 | D:5      | Found a runed translucent gate.
  4812 | D:5      | Found a runed translucent gate.
  4812 | D:5      | Noticed relicbr's ghost (weakling SpDe)
  4922 | D:5      | Slain by an ogre

Illustrated notes

Levels and vault maps discovered:
D:1:      minmay_arrival_jagged, layout_basic, lexackson_kobold_supper
D:2:      minmay_razor_zed, layout_basic, serial_shops, nicolae_shop_stone,
          minmay_pentomino_t4
D:3:      layout_basic, mainiacjoe_overflow_chevrons,
          mainiacjoe_overflow_large_starburst,
          mainiacjoe_overflow_six_doors_small, ebering_dispersal_statue_hall
D:4:      layout_rooms, mainiacjoe_overflow_surrounded_room,
          chequers_serial_rivers_small_3, small_statue_intersection
D:5:      layout_loops_cross, gup_sewer_entry_bowl,
          gammafunk_ghost_nasty_kobolds, st_stairs_10, uniq_eustachio

Skill      XL: |  1  2  3  4  5  6  7  8 |
---------------+-------------------------+-----
Axes           | 3 4 |  4.5
Fighting       | 4 5 |  5.0
Dodging        | 4 5 |  5.0
Shields        | 4 5 |  5.0
Invocations    | 1 2 4 |  4.8

Action                     |  1- 3 |  4- 6 |  7- 9 || total
---------------------------+-------+-------+-------++-------
  Melee: War axe           |    73 |   111 |   100 ||   284
         Constrict         |    13 |    35 |    33 ||    81
         Tentacles         |    10 |    16 |    20 ||    46
         Kick              |     4 |    35 |    32 ||    71
         Punch             |       |     1 |       ||     1
    Use: Scroll            |     4 |     5 |     3 ||    12
         Potion            |     1 |       |     6 ||     7
   Stab: Sleeping          |     7 |    13 |     3 ||    23
 Armour: Skin              |    17 |    19 |    29 ||    65
  Dodge: Dodged            |    41 |    47 |    70 ||   158
  Block: Buckler           |    24 |    28 |    22 ||    74

Table legend: (Time is in decaauts)
 A = Elapsed time spent in this place.
 B = Non-inter-level travel time spent in this place.
 C = Inter-level travel time spent in this place.
 D = Time resting spent in this place.
 E = Time spent auto-exploring this place.
 F = Levels seen in this place.
 G = Mean time per level.
                   A        B        C        D        E       F      G
               +--------+--------+--------+--------+--------+-----+--------+
         Total |   5035 |   4890 |    145 |    217 |   3612 |   6 |  839.2 |
       Dungeon |   4115 |   3970 |    145 |      0 |   3154 |   5 |  823.0 |
         Sewer |    920 |    920 |      0 |    217 |    458 |   1 |  920.0 |
               +--------+--------+--------+--------+--------+-----+--------+

Top non-repeatable levels by time:
     D:1: 1101 daAuts
   Sewer: 920 daAuts
     D:2: 881 daAuts
     D:4: 748 daAuts
     D:5: 699 daAuts
     D:3: 684 daAuts
